Description

just for fun and practice, no actual practical use, just publishing for my own use

Replay - Serral v Stats: Game 2 - Submarine LE

Build Order

Get SALT Encoding   

  12  0:01  Probe  
  13  0:13  Pylon  
  13  0:15  Probe  
  14  0:23  Probe  
  15  0:32  Probe  
  16  0:41  Gateway  
  16  0:44  Probe  
  16  0:48  Assimilator  
  17  0:56  Probe  
  18  1:08  Probe  
  19  1:21  Probe  
  20  1:26  Nexus  
  20  1:34  Cybernetics Core  
  20  1:37  Probe  
  21  1:43  Assimilator  
  21  1:49  Probe  
  21  1:52  Pylon  
  22  2:00  Adept  
  22  2:01  Probe  
  23  2:10  Warp Gate  
  23  2:13  Probe  
  26  2:21  Stalker  
  26  2:25  Probe  
  27  2:35  Probe x2  
  27  2:36  Twilight Council  
  29  2:43  Probe  
  31  2:49  Probe x2  
  31  2:51  Robotics Facility  
  34  3:01  Probe, Resonating Glaives  
  34  3:02  Gateway  
  35  3:07  Adept  
  37  3:16  Probe x2  
  39  3:23  Gateway x2  
  39  3:27  Warp Prism  
  41  3:42  Pylon  
  41  3:44  Probe x2  
  43  3:51  Pylon  
  43  3:56  Probe x2  
  43  4:00  Adept x2  
  49  4:04  Observer  
  49  4:09  Assimilator  
  50  4:11  Probe x2  
  50  4:12  Pylon  
  52  4:23  Adept x4  
  60  4:26  Pylon  
  60  4:29  Probe x2  
  62  4:42  Pylon  
  62  4:46  Adept x4  
  70  4:53  Assimilator  
  70  4:54  Pylon  
  70  5:06  Adept x4  
  76  5:09  Probe x2  
  79  5:27  Adept x4  
  79  5:49  Adept x4  
  73  5:59  Probe x2  
  61  6:11  Adept x4  
Spawning Tool Build Advisor. Get it on Overwolf

Analysis

just for fun and practice, no actual practical use, just publishing for my own use

Go to:

Details

  • Created by: ZeroDayRNA
  • Published on: Jan 31, 2021
  • Modified on: Jan 31, 2021
  • Patch: 4.11.0
  • Difficulty: Medium
Show
View Real Time Build Order
Export as new Build Order

Comments (0)

There are no comments. Be the first!

Create an account to comment!